 Dungeon Crawl Stone Soup version 0.29-a0-360-g8ed1089bbe (webtiles) character file.

Game seed: 4152500551879671984

175 ytrimaz the Insei (level 5, -2/33 HPs)
             Began as an Octopode Transmuter on Apr 28, 2022.
             Slain by a phantom (8 damage)
             ... on level 3 of the Dungeon.
             The game lasted 00:04:14 (3461 turns).

ytrimaz the Insei (Octopode Transmuter)             Turns: 3461, Time: 00:04:15

Health: -2/33      AC:  1    Str: 10    XL:     5   Next: 55%
Magic:  16/18      EV: 13    Int: 17    God:
Gold:   95         SH:  0    Dex: 12    Spells: 3/9 levels left

rFire   . . .      SeeInvis .     - Unarmed
rCold   . . .      Faith    .   (no shield)
rNeg    . . .      Spirit   .   (helmet restricted)
rPois   .          Reflect  .   (no amulet)
rElec   .          Harm     .   d - ring of resist corrosion
rCorr   +          Rampage  .   j - ring of magical power
Will    .....                   (no ring)
Stlth   ++........              (no ring)
HPRegen 0.11/turn               (no ring)
MPRegen 0.16/turn               (no ring)
                                (no ring)
                                (no ring)

@: wereblooded
A: almost no armour, amphibious, 8 rings, camouflage 1, gelatinous body 1,
(nimble swimmer 1), tentacles
a: no special abilities


You were on level 3 of the Dungeon.
You visited 1 branch of the dungeon, and saw 4 of its levels.

You collected 95 gold pieces.

Inventory:

Jewellery
 d - a ring of resist corrosion (left tentacle)
 j - a ring of magical power (right tentacle)
Scrolls
 e - a scroll of silence
 f - a scroll of summoning
 g - a scroll of amnesia
Potions
 a - a potion of lignification
 c - a potion of ambrosia {unknown}
 k - 2 potions of curing


   Skills:
 - Level 1.0 Fighting
 + Level 2.8 Dodging
 + Level 4.3 Unarmed Combat
 * Level 2.8 Spellcasting
 * Level 3.4 Transmutations


You had 3 spell levels left.
You knew the following spells:

 Your Spells              Type           Power      Damage    Failure   Level
a - Beastly Appendage     Tmut           26%        N/A       4%          1
b - Wereblood             Tmut           13%        N/A       7%          2
c - Spider Form           Tmut/Pois      8%         N/A       26%         3

Your spell library contained the following spells:

 Spells                   Type           Power      Damage    Failure   Level
 Sublimation of Blood     Necr           2%         N/A       26%         2
 Ozocubu's Armour         Ice            2%         N/A       47%         3
 Ice Form                 Ice/Tmut       8%         N/A       65%         4
 Petrify                  Tmut/Erth      8%         N/A       65%         4
 Irradiate                Conj/Tmut      4%         3d14      94%         5
 Ozocubu's Refrigeration  Ice            1%         4d5       100%        7


Dungeon Overview and Level Annotations

Branches:
Dungeon (4/15)
 Temple: D:4-7

Altars:
Fedhas


Innate Abilities, Weirdness & Mutations

You cannot wear most types of armour.
You are amphibious.
You can wear up to eight rings at the same time.
Your skin changes colour to match your surroundings (Stealth+).
Your rubbery body absorbs attacks. (AC +1, EV +1)
((You are camouflaged when in or above water. (Stealth+)))
You have tentacles for arms and can constrict up to eight enemies at once.


Message History

You bite the goblin!
You feel a bit better.
You kill the goblin!
The orc throws a boomerang.
The boomerang completely misses you. The phantom hits you.
* * * LOW HITPOINT WARNING * * *
Unknown command.
As you read the scroll of fear, it crumbles to dust.
You assume a fearsome visage.
The phantom is unaffected.
The iguana looks frightened!
The orc looks frightened! x4
Your transformation is almost over.
The phantom hits you.
* * * LOW HITPOINT WARNING * * *
The phantom blinks!
You blink.
You hit the orc.
The orc is poisoned.
Your attack snaps the orc out of its fear.
The orc is heavily wounded.
The orc misses you. The phantom hits you.
* * * LOW HITPOINT WARNING * * *
You barely miss the orc.
The orc is severely wounded.
You feel a bit better.
You kill the orc!
The phantom completely misses you. The phantom hits you.
* * * LOW HITPOINT WARNING * * *
Things that are here:
a +0 dagger; 2 boomerangs The phantom attacks as you move away!
The phantom barely misses you.
You hiss as the wereblood boils in your veins!
You hear an angry hiss.
The phantom attacks as you move away! The phantom barely misses you.
There is a stone staircase leading up here.
The phantom completely misses you.
You climb upwards.
There is a stone staircase leading down here.
Unknown command.
Your transformation has ended.
There is a stone staircase leading up here.
The phantom hits you!
You die...

#.......#.##..#.......
#.......#....##......#
##.........####......#
##....................
#........#.######.....
#..........### #......
#......>.....###.#....
##...W.....#.....#....
##..@.....##..##.....
###.....#...........
##.................
#.......###########
#.......# #.......#
##.....## ##...##
#####


You could see a phantom.

Vanquished Creatures
  An orc priest (D:3)
  Robin (D:3)
  5 adders
  A dart slug (D:2)
  3 orcs
  8 endoplasms
  4 giant cockroaches
  16 goblins
  7 hobgoblins
  8 jackals
  4 quokkas
  5 ball pythons
  2 bats (D:1)
  A frilled lizard (D:3)
  6 kobolds
  7 rats
79 creatures vanquished.

Notes
Turn   | Place    | Note
-------+----------+-------------------------------------------
     0 | D:1      | ytrimaz the Octopode Transmuter began the quest for the
                  | Orb.
     0 | D:1      | Reached XP level 1. HP: 13/13 MP: 3/3
   515 | D:1      | Reached XP level 2. HP: 18/18 MP: 3/5
   518 | D:1      | Learned a level 2 spell: Wereblood
   555 | D:1      | HP: 1/27 [jackal (1)]
  1488 | D:2      | Reached XP level 3. HP: 5/23 MP: 3/6
  1619 | D:2      | Learned a level 3 spell: Spider Form
  1894 | D:2      | Reached XP level 4. HP: 25/28 MP: 5/7
  2385 | D:3      | Found a blossoming altar of Fedhas.
  2486 | D:3      | Reached skill level 4 in Unarmed Combat
  2662 | D:3      | Noticed Robin
  2672 | D:3      | Reached XP level 5. HP: 29/33 MP: 8/8
  2678 | D:3      | Killed Robin
  2893 | D:3      | Found a faded altar of an unknown god.
  3202 | D:4      | Noticed a black bear
  3430 | D:4      | Noticed a phantom
  3461 | D:3      | Slain by a phantom

Illustrated notes

Levels and vault maps discovered:
D:1:      dpeg_arrival_radiant, layout_basic
D:2:      layout_basic
D:3:      layout_rooms, mainiacjoe_overflow_catwalk,
          shapermc_ecumenical_altar_pompeii, uniq_robin
D:4:      layout_basic, minivault_26

Skill      XL: |  1  2  3  4 |
---------------+-------------+-----
Transmutations | 3 |  3.4
Unarmed Combat | 4 |  4.3
Fighting       | |  1.0
Dodging        | |  2.8
Spellcasting   | |  2.8

Action                   |  1- 3 |  4- 6 || total
-------------------------+-------+-------++-------
Melee: Unarmed           |    89 |    73 ||   162
       Constrict         |    28 |    20 ||    48
       Kick              |    22 |    15 ||    37
       Tentacles         |    11 |    11 ||    22
       Punch             |     4 |     1 ||     5
 Cast: Beastly Appendage |    20 |     9 ||    29
       Wereblood         |     1 |     3 ||     4
       Spider Form       |       |     2 ||     2
  Use: Scroll            |     2 |     6 ||     8
       Potion            |     1 |       ||     1
 Stab: Sleeping          |     1 |     4 ||     5
       Distracted        |     1 |       ||     1
Armor: Skin              |    18 |     3 ||    21
Dodge: Dodged            |    80 |    52 ||   132

Table legend: (Time is in decaauts)
 A = Elapsed time spent in this place.
 B = Non-inter-level travel time spent in this place.
 C = Inter-level travel time spent in this place.
 D = Time resting spent in this place.
 E = Time spent auto-exploring this place.
 F = Levels seen in this place.
 G = Mean time per level.
                   A        B        C        D        E       F      G
               +--------+--------+--------+--------+--------+-----+--------+
         Total |   3450 |   3335 |    115 |    149 |   2538 |   4 |  862.5 |
       Dungeon |   3450 |   3335 |    115 |    149 |   2538 |   4 |  862.5 |
               +--------+--------+--------+--------+--------+-----+--------+

Top non-repeatable levels by time:
     D:1: 1455 daAuts
     D:3: 922 daAuts
     D:2: 793 daAuts
     D:4: 278 daAuts
